cohdb
Replays
Latest Replays
All Replays
Popular Replays
Top Player Replays
Match Explorer
How It Works
Community
CoH3 Stats
Reddit
Sign in to upload your games and track your stats! →
Sign in with Steam
Match 45252216
Unlisted
Match 45252216
Overview
Messages
Build Orders
End
Panzergrenadier Squad
250 Light Carrier
Panzergrenadier Squad
Construct Light Support Kompanie
Fire Support Elements
Combat Half-tracks
MG34 Team
Panzerjäger Mechanized Group
Selects Armored Support Battlegroup
Selects Salvage Kits
Construct Panzerarmee Kommand
Selects Veteran Gunners
Panzer III L Medium Tank
Emergency Repair Kits
Rapid Advance
Panzer III L Medium Tank
2.5-tonne Medical Truck
Selects Panzer Storm
Walking Stuka Rocket Launcher
Pak 38 Anti-tank Gun Team
Panzer III L Medium Tank
Pak 38 Anti-tank Gun Team
Selects Stuka Anti-tank Loiter
Stuka Anti-tank Loiter
Panzer III L Medium Tank
Stuka Anti-tank Loiter
Panzer III L Medium Tank
MG34 Team
pijin
Eki2
Gregor
*◇☨+.GRe4N6◇*
午睡红茶
[TW]S.C.
realnoob
二百五战术
0
0
Comments
sign in to comment!
No comments posted yet!